 Dungeon Crawl Stone Soup version 0.31-a0-145-g046c7d2549 (webtiles) character file.

Game seed: 11489418660844673710

46 2FriedEggs the Slasher (level 3, -3/26 HPs)
             Began as an Octopode Berserker on June 7, 2023.
             Was a Believer of Trog.
             Succumbed to Terence's poison
             ... on level 2 of the Dungeon.
             The game lasted 00:01:02 (821 turns).

2FriedEggs the Slasher (Octopode Berserker)          Turns: 821, Time: 00:01:02

Health: -3/26      AC:  1    Str: 16    XL:     3   Next: 66%
Magic:  3/3        EV: 14    Int:  9    God:    Trog [**....]
Gold:   90         SH:  0    Dex: 13    Spells: 2/2 levels left

rFire   . . .        a - +0 falchion
rCold   . . .        (no shield)
rNeg    . . .        (helmet restricted)
rPois   .            (no amulet)
rElec   .            (no ring)
rCorr   .            (no ring)
SInv    .            (no ring)
Will    .....        (no ring)
Stlth   ++           (no ring)
HPRegen 0.24/turn    (no ring)
MPRegen 0.08/turn    (no ring)
                     (no ring)

%: no passive effects
@: lethally poisoned (-3 -> -17)
A: almost no armour, amphibious, 8 rings, camouflage 1, gelatinous body 1,
(nimble swimmer 1), tentacles
a: Renounce Religion, Berserk, Trog's Hand


You were on level 2 of the Dungeon.
You worshipped Trog.
Trog was pleased with you.
You visited 1 branch of the dungeon, and saw 2 of its levels.

You collected 90 gold pieces.

Inventory:

Hand Weapons
 a - a +0 falchion (weapon)
Scrolls
 b - a scroll of teleportation {unknown}
 d - a scroll of fog {unknown}
 e - a scroll of blinking {unknown}
Potions
 c - a potion of mutation {unknown}


   Skills:
 - Level 3.0 Fighting
 * Level 4.1 Long Blades
 + Level 3.5 Dodging


You had 2 spell levels left.
You didn't know any spells.
Your spell library was empty.

Dungeon Overview and Level Annotations

Branches:
Dungeon (2/15)

Altars:

Annotations:
D:2 Terence


Innate Abilities, Weirdness & Mutations

You cannot wear most types of armour.
You are amphibious.
You can wear up to eight rings at the same time.
Your skin changes colour to match your surroundings (Stealth+).
Your rubbery body absorbs attacks. (AC +1, EV +1)
((You are camouflaged when in or above water. (Stealth+)))
You have tentacles for arms and can constrict up to eight enemies at once.


Message History

You squeeze the dart slug.
The dart slug is severely wounded.
You constrict the dart slug. The dart slug launches a dart at you.
The slug dart misses you.
You hit the dart slug.
You kill the dart slug!
Trog accepts your kill.
You can now call upon Trog for regeneration and willpower.
No target in view!
No target in view!
No target in view!
No target in view!
No target in view!
No target in view!
No target in view!
No target in view!
No target in view!
No target in view!
No target in view!
No target in view!
No target in view!
No target in view!
No target in view!
Terence the Incautious comes into view.
He is wielding a +3 flail of venom.
Terence is nearby!
Terence is nearby!
The helpless Terence fails to defend himself.
You hit Terence but do no damage. Your grab misses Terence.
Terence hits you with a +3 flail of venom!
You are poisoned.
You hit Terence but do no damage. You grab Terence. You constrict Terence.
You feel very sick. Terence closely misses you.
Terence hits you with a +3 flail of venom!
Ouch! That really hurt!
* * * LOW HITPOINT WARNING * * *
You are more poisoned.
You constrict Terence, but do no damage.
You die...

# ### . ..#.# #.#.#
##### #.#.## ...##
#.@..# .#####..###
#@...#
....#.....######.##.#
##...#.....(##..##.##
##.....................
).....##.......####.#..
.........##...## ..
.#.......##...# .
.######..<##....
...####....#.###.


You could see Terence.

Vanquished Creatures
  An adder (D:2)
  A worm (D:2)
  A dart slug (D:2)
  4 ball pythons (D:1)
  5 bats
  6 endoplasms
  A giant cockroach (D:1)
  3 hobgoblins (D:1)
  2 kobolds (D:1)
  5 rats
29 creatures vanquished.

Notes
Turn   | Place    | Note
-------+----------+-------------------------------------------
     0 | D:1      | 2FriedEggs the Octopode Berserker began the quest for the
                  | Orb.
     0 | D:1      | Reached XP level 1. HP: 16/16 MP: 1/1
   122 | D:1      | Reached XP level 2. HP: 18/21 MP: 2/2
   477 | D:1      | Reached XP level 3. HP: 26/26 MP: 3/3
   735 | D:2      | Reached skill level 4 in Long Blades
   812 | D:2      | Reached ** piety under Trog
   815 | D:2      | Noticed Terence
   820 | D:2      | HP: 1/26 [Terence/+3 flail of venom (13)]
   821 | D:2      | Succumbed to Terence's poison

Illustrated notes

Levels and vault maps discovered:
D:1:      shiori_shiawase, layout_loops_cross
D:2:      layout_rooms, hellmonk_ecumenical_altar_pennies_from_heaven,
          uniq_terence

Skill      XL: |  1  2  3 |
---------------+----------+-----
Long Blades    | 4 |  4.1
Fighting       | |  3.0
Dodging        | |  3.5

Action                     || total
---------------------------++-------
  Melee: Falchion          ||    61
         Tentacles         ||    15
         Constrict         ||    11
         Punch             ||     1
   Stab: Sleeping          ||    12
 Armour: Skin              ||     8
  Dodge: Dodged            ||    43

Table legend: (Time is in decaauts)
 A = Elapsed time spent in this place.
 B = Non-inter-level travel time spent in this place.
 C = Inter-level travel time spent in this place.
 D = Time resting spent in this place.
 E = Time spent auto-exploring this place.
 F = Levels seen in this place.
 G = Mean time per level.
                   A        B        C        D        E       F      G
               +--------+--------+--------+--------+--------+-----+--------+
         Total |    828 |    791 |     37 |     53 |    550 |   2 |  414.0 |
       Dungeon |    828 |    791 |     37 |     53 |    550 |   2 |  414.0 |
               +--------+--------+--------+--------+--------+-----+--------+

Top non-repeatable levels by time:
     D:1: 712 daAuts
     D:2: 115 daAuts
